 Dungeon Crawl Stone Soup version 0.29.1-12-g30fa7ad0bf (webtiles) character file.

Game seed: 261068765467510610

72122 FexLirch the Zephyrmancer (level 15, -1/80 HPs)
             Began as a Vine Stalker Enchanter on Jan 10, 2023.
             Was the Champion of Wu Jian.
             Slain by a seven-headed hydra simulacrum (10 damage)
             ... in an ice cave on Jan 11, 2023.
             The game lasted 02:05:12 (24960 turns).

FexLirch the Zephyrmancer (Vine Stalker Enchanter) Turns: 24960, Time: 02:05:13

Health: -1/80      AC: 19    Str: 11    XL:     15   Next: 38%
Magic:  0/29       EV: 26    Int: 27    God:    Wu Jian [******]
Gold:   1084       SH:  0    Dex: 19    Spells: 2/33 levels left

rFire   + + .      SeeInvis .     - Unarmed
rCold   + . .      Faith    .   (shield currently unavailable)
rNeg    . . .      Spirit   +   (body armour currently unavailable)
rPois   ∞          Reflect  .   (helmet currently unavailable)
rElec   +          Harm     .   (cloak currently unavailable)
rCorr   .          Rampage  .   (gloves currently unavailable)
Will    +....      NoTele   +   (boots currently unavailable)
Stlth   +++.......              l - amulet of magic regeneration
HPRegen 1.03/turn               T - ring of Comuoq {rF++ rC+ Dex+3}
MPRegen 0.61/turn               C - +6 ring of intelligence

@: storm-form, immobile, flying, very slightly contaminated
A: cleaving, insubstantial, flying, (fangs 3), regeneration 1, magic shield,
(antimagic bite), no potion heal 2
a: Blinkbolt, End Transformation, Renounce Religion, Wall Jump, Serpent's Lash,
Heavenly Storm


You were in an ice cave.
You worshipped Wu Jian.
Wu Jian was exalted by your worship.
You were a lightning-filled tempest!
You visited 3 branches of the dungeon, and saw 20 of its levels.
You also visited: Ossuary, Ice Cave and Volcano.

You collected 1584 gold pieces.
You spent 500 gold pieces at shops.

Inventory:

Hand Weapons
 a - a +2 dagger of electrocution
 c - the +1 morningstar of Callousness {vorpal, rElec rPois rF- Will++}
   (You found it on level 12 of the Dungeon)

   It inflicts extra damage upon your enemies.
   rF:        It makes you vulnerable to fire.
   rElec:     It insulates you from electricity.
   rPois:     It protects you from poison.
   Will:      It greatly increases your willpower.
 P - a +4 shortbow
Armour
 n - a +2 robe of fire resistance (melded)
 G - a +0 helmet (melded)
 M - a +2 pair of gloves (melded)
 Y - a +0 cloak (melded)
Magical Staves
 x - a staff of air (melded)
 B - a staff of death
Jewellery
 e - a ring of magical power
 l - an amulet of magic regeneration (around neck)
 C - a +6 ring of intelligence (right fist)
 F - a ring of ice
 J - a ring of wizardry
 N - a ring of positive energy
 T - the ring of Comuoq (left fist) {rF++ rC+ Dex+3}
   (You found it in an ice cave)

   [ring of protection from cold]

   Dex:       It affects your dexterity (+3).
   rF:        It greatly protects you from fire.
   rC:        It protects you from cold.
Wands
 t - a wand of digging (7)
 R - a wand of paralysis (9)
 V - a wand of roots (12)
 W - a wand of flame (25)
 X - a wand of quicksilver (6)
Scrolls
 b - a scroll of blinking
 h - 3 scrolls of vulnerability
 j - 3 scrolls of teleportation
 k - 3 scrolls of enchant armour
 p - 3 scrolls of noise
 q - 3 scrolls of magic mapping
 u - 6 scrolls of amnesia
 w - 3 scrolls of immolation
 y - 2 scrolls of torment
 D - 3 scrolls of summoning
 H - a scroll of acquirement {unknown}
 K - 6 scrolls of poison
 L - 5 scrolls of butterflies
 O - a scroll of silence {unknown}
 U - 4 scrolls of identify
 Z - 2 scrolls of fear
Potions
 d - 4 potions of might
 f - 5 potions of degeneration
 g - a potion of magic {unknown}
 m - 3 potions of ambrosia {unknown}
 o - 7 potions of curing
 r - 5 potions of haste
 s - 7 potions of flight {unknown}
 z - a potion of resistance {unknown}
 A - 2 potions of mutation {unknown}
 E - 3 potions of attraction {unknown}
 I - a potion of lignification {unknown}
 Q - a potion of cancellation {unknown}
 S - 4 potions of brilliance
Miscellaneous
 i - a phantom mirror
 v - a phial of floods


   Skills:
 + Level 9.6 Fighting
 - Level 3.2 Short Blades
 + Level 8.2 Dodging
 - Level 5.3 Stealth
 + Level 5.4 Unarmed Combat
 + Level 9.8 Spellcasting
 - Level 3.1 Hexes
 * Level 3.7 Translocations
 + Level 13.4 Transmutations
 - Level 0.6 Ice Magic
 + Level 13.4 Air Magic
 - Level 5.0 Poison Magic


You had 2 spell levels left.
You knew the following spells:

 Your Spells              Type           Power      Damage    Failure   Level
a - Ensorcelled Hibernat  Hex/Ice        46%        N/A       3%          2
b - Confusing Touch       Hex            30%        N/A       3%          3
c - Manifold Assault      Tloc           33%        N/A       26%         5
d - Storm Form            Tmut/Air       36%        N/A       16%         7
e - Poisonous Vapours     Pois/Air       100%       N/A       1%          2
f - Olgreb's Toxic Radia  Pois           40%        N/A       5%          4
g - Swiftness             Air            72%        N/A       1%          3
h - Passwall              Tmut/Erth      40%        N/A       1%          2
i - Blink                 Tloc           66%        N/A       1%          2
j - Apportation           Tloc           66%        N/A       1%          1

Your spell library contained the following spells:

 Spells                   Type           Power      Damage    Failure   Level
 Sting                    Tmut/Pois      100%       1d8       1%          1
 Static Discharge         Conj/Air       49%        3-10/arc  1%          2
 Sublimation of Blood     Necr           13%        N/A       7%          2
 Gell's Gravitas          Tloc           33%        N/A       2%          3
 Lesser Beckoning         Tloc           33%        N/A       2%          3
 Teleport Other           Tloc           33%        N/A       2%          3
 Ice Form                 Ice/Tmut       50%        N/A       2%          4
 Petrify                  Tmut/Erth      49%        N/A       2%          4
 Alistair's Intoxication  Tmut/Pois      38%        N/A       2%          5
 Tukima's Dance           Hex            30%        N/A       3%          3
 Dazzling Flash           Conj/Hex       42%        N/A       7%          3
 Irradiate                Conj/Tmut      24%        3d19      8%          5
 Lightning Bolt           Conj/Air       24%        1d40      8%          5
 Ozocubu's Armour         Ice            16%        N/A       11%         3
 Anguish                  Hex/Necr       10%        N/A       22%         4
 Summon Ice Beast         Ice/Summ       14%        N/A       36%         4
 Metabolic Englaciation   Hex/Ice        11%        N/A       50%         5
 Summon Mana Viper        Hex/Summ       21%        N/A       54%         5
 Maxwell's Capacitive Co  Air            36%        ∞         75%         8
 Simulacrum               Ice/Necr       7%         N/A       99%         6
 Death Channel            Necr           6%         N/A       100%        6
 Haunt                    Necr/Summ      6%         N/A       100%        7
 Monstrous Menagerie      Summ           6%         N/A       100%        7
 Ozocubu's Refrigeration  Ice            8%         4d9       100%        7
 Polar Vortex             Ice            8%         N/A       100%        9


Dungeon Overview and Level Annotations

Branches:
Dungeon (14/15)            Temple (1/1) D:4            Lair (5/5) D:10
 Shoals (0/4) Lair:2       Spider (0/4) Lair:3        Slime (0/5) Lair:4
    Orc (0/2) D:12         Vaults (0/5) D:14        Ossuary (visited)
  IceCv (1/1)             Volcano (visited)

Altars:
Ashenzari
Cheibriados
Dithmenos
Elyvilon
Fedhas
Gozag
Hepliaklqana
Kikubaaqudgha
Makhleb
Nemelex Xobeh
Okawaru
Qazlal
Ru
Sif Muna
Trog
Uskayaw
Vehumet
Wu Jian
Xom
Yredelemnul
Zin
The Shining One

Shops:
D:1 :   D:9 *

Annotations:
D:4 3 runed translucent doors, OhItsWolfy's ghost, novice GrHu
D:10 exclusion: ugly thing
D:11 2 transporters, booth's ghost, journeyman TrGl
Lair:2 exclusion: hydra


Innate Abilities, Weirdness & Mutations

You are a lightning-filled tempest!
Your electrical attacks strike out in all directions at once.
You are incredibly evasive.
Your insubstantial body is immune to petrification, constriction, and being set on fire You are flying.
You are immune to poison.
Your armour is entirely melded.
You are incapable of wielding weapons or throwing items.
((You have razor-sharp teeth.))
Your natural rate of healing is unusually fast.
When hurt, damage is shared between your health and your magic reserves.
((Your bite disrupts and absorbs the magic of your enemies.))
Potions cannot restore your health.


Message History

You destroy the freezing wraith!
The Council accepts your kill.
You buffet the white very ugly thing!
The white very ugly thing headbutts you.
The white very ugly thing freezes you!! You resist.
You buffet the golden dragon simulacrum!
The golden dragon simulacrum is moderately damaged.
You barely miss the white very ugly thing.
The white very ugly thing headbutts you!!
The white very ugly thing freezes you! You resist.
The golden dragon simulacrum closely misses you.
The golden dragon simulacrum claws you.
The golden dragon simulacrum freezes you!!
You resist.
* * * LOW HITPOINT WARNING * * *
The golden dragon simulacrum tramples you but does no damage.
Casting: Manifold Assault (quite dangerous; 26% risk of failure)
Confirm with . or Enter, or press ? or * to list all spells.
Okay, then.
Unknown command.
You blast the golden dragon simulacrum!!!
Lightning courses through the golden dragon simulacrum!
The golden dragon simulacrum vaporises!
The Council accepts your kill.
You hit the white very ugly thing but do no damage.
The white very ugly thing headbutts you but does no damage.
You hit the seven-headed hydra simulacrum.
The seven-headed hydra simulacrum is lightly damaged.
You buffet the white very ugly thing!
The white very ugly thing completely misses you.
The seven-headed hydra simulacrum bites you.
* * * LOW HITPOINT WARNING * * *
The seven-headed hydra simulacrum freezes you!
You resist.
* * * LOW HITPOINT WARNING * * *
The seven-headed hydra simulacrum misses you.
The seven-headed hydra simulacrum bites you.
The seven-headed hydra simulacrum freezes you!
You resist.
You die...

##..#### ###.## ##...^..##
####..## ### ##........#
####...### #.........# #
.#.......#### ##...####....#
...........[# #...##).##...#
#.........=[# ##..#..).#..##
#........8#########....?...##
#........## ##...###......##
..###.....###...vu####'####
.########..#..###Z.# #..⌠#
...### ##...##....# #####
#....### ##.##..)###
###....## #####... ###...###
##... ###...### ##.W. ###
###...##


WW.u ..## ##...# Z.W.p You could see a white very ugly thing and a seven-headed
hydra simulacrum.

Vanquished Creatures
  A lich (IceCv)
  4 dire elephants (Lair:5)
  Josephine (D:11)
  Fannar (D:12)
  A centaur warrior (D:13)
  A boulder beetle (D:13)
  3 hydras
  A caustic shrike simulacrum (IceCv)
  Erica (D:9)
  A dancing weapon (Volcano)
  A catoblepas (Lair:3)
  5 two-headed ogres
  6 death yaks
  Sonja (D:13)
  4 spectral death yaks (Lair:5)
  A spectral anaconda (Lair:5)
  3 bog bodies (IceCv)
  2 obsidian statues
  4 wizards
  4 deep elf pyromancers
  2 ugly things
  4 necromancers
  5 deep elf zephyrmancers (D:12)
  3 manticores
  7 elephants
  A black mamba (Lair:4)
  Maurice (D:11)
  2 cyclopes (D:12)
  4 toenail golems (Volcano)
  A torpor snail (Lair:2)
  9 cane toads
  2 unseen horrors
  A rime drake (Lair:5)
  16 freezing wraiths (IceCv)
  6 komodo dragons
  6 anaconda simulacra (IceCv)
  A golden dragon simulacrum (IceCv)
  3 trolls
  Grinder (D:6)
  2 hornets
  3 slime creatures (D:13)
  8 blink frogs
  2 spectral elephants (Lair:5)
  5 dream sheep (Lair:5)
  Sigmund (D:5)
  49 yaks
  3 culicivoras (Lair:3)
  5 wraiths
  A fire bat (Lair:2)
  3 wyverns
  3 dire elephant simulacra (IceCv)
  Grum (D:8)
  A basilisk (D:12)
  2 vampire mosquitoes (D:11)
  2 steam dragons
  2 minotaur simulacra (IceCv)
  Menkaure (D:6)
  2 harpy simulacra (IceCv)
  Edmund (D:5)
  2 spectral cane toads (Lair:5)
  3 acid dragons
  2 hydra simulacra (IceCv)
  11 water moccasins
  2 sky beasts
  An elephant zombie (Lair:5)
  9 orc warriors
  2 ice beasts
  An alligator simulacrum (IceCv)
  A black bear (D:6)
  8 wolves
  An ogre (D:5)
  10 centaurs
  A phantom (D:7)
  4 kobold brigands
  10 bullfrogs
  2 scorpions
  4 deep troll simulacra (IceCv)
  A gnoll sergeant (D:9)
  3 necrophages
  2 cane toad simulacra (Lair:5)
  3 water moccasin zombies (Ossuary)
  A wight (D:3)
  9 killer bees
  2 elephant simulacra (Lair:5)
  A lindwurm simulacrum (IceCv)
  2 electric eels (D:10)
  7 howler monkeys
  7 hounds
  2 jellies
  A gnoll bouda (D:7)
  13 orc priests
  Jessica (D:3)
  2 iguanas
  8 orc wizards
  2 mummies (Ossuary)
  9 gnolls
  7 adders
  A white imp (D:5)
  2 ufetubi
  7 adder zombies (Ossuary)
  6 worms
  A dart slug (D:3)
  30 orcs
  3 ball pythons
  5 bats
  4 endoplasms
  5 giant cockroaches
  6 gnoll zombies (Ossuary)
  5 goblins
  3 hobgoblins
  7 jackals
  4 quokkas
  A frilled lizard (D:2)
  3 hobgoblin zombies (Ossuary)
  23 kobolds
  5 kobold zombies (Ossuary)
  6 orc zombies (Ossuary)
  2 rats
504 creatures vanquished.

Vanquished Creatures (others)
  A dancing weapon (Lair:2)
  An orc wizard (D:9)
  22 fungi
  35 plants
  21 withered plants (Lair:5)
80 creatures vanquished.

Grand Total: 584 creatures vanquished

Notes
Turn   | Place    | Note
-------+----------+-------------------------------------------
     0 | D:1      | FexLirch the Vine Stalker Enchanter began the quest for the
                  | Orb.
     0 | D:1      | Reached XP level 1. HP: 9/9 MP: 4/4
    44 | D:1      | Reached skill level 1 in Short Blades
   388 | D:1      | Reached XP level 2. HP: 13/13 MP: 6/6
   463 | D:1      | Learned a level 2 spell: Ensorcelled Hibernation
   537 | D:1      | Found Piokin's Book Emporium.
   574 | D:1      | Found a faded altar of an unknown god.
  1192 | D:2      | Reached skill level 1 in Transmutations
  1192 | D:2      | Reached skill level 1 in Air Magic
  1199 | D:2      | Reached XP level 3. HP: 16/16 MP: 7/7
  1960 | D:3      | Gained mutation: Your natural rate of healing is unusually
                  | fast. [Vine Stalker growth]
  1960 | D:3      | Reached XP level 4. HP: 21/21 MP: 8/8
  2223 | D:3      | Reached XP level 5. HP: 10/21 MP: 6/10
  2230 | D:3      | Learned a level 3 spell: Confusing Touch
  2353 | D:3      | Noticed Jessica
  2415 | D:3      | Killed Jessica
  2563 | D:3      | Reached XP level 6. HP: 26/28 MP: 4/11
  3797 | D:4      | Found a runed translucent gate.
  3797 | D:4      | Found a runed translucent gate.
  3797 | D:4      | Found a runed translucent gate.
  3798 | D:4      | Noticed OhItsWolfy's ghost (novice GrHu)
  3810 | D:4      | Found a staircase to the Ecumenical Temple.
  3825 | Temple   | Entered the Ecumenical Temple
  4071 | Temple   | Became a worshipper of the Wu Jian Council
  4217 | D:5      | Entered Level 5 of the Dungeon
  4291 | D:5      | Noticed an ice beast
  4433 | D:5      | Noticed Edmund
  4471 | D:5      | Killed Edmund
  4472 | D:5      | Reached XP level 7. HP: 19/32 MP: 3/14
  4912 | D:5      | Reached skill level 1 in Fighting
  4943 | D:5      | Noticed Sigmund
  4971 | D:5      | Gained mutation: You have razor-sharp teeth. [Vine Stalker
                  | growth]
  4971 | D:5      | Reached XP level 8. HP: 29/38 MP: 16/16
  5307 | D:6      | Noticed Menkaure
  5323 | D:6      | Killed Menkaure
  5324 | D:6      | Reached skill level 5 in Spellcasting
  5342 | D:6      | Found a sand-covered staircase.
  5347 | Ossuary  | Entered an ossuary
  5391 | Ossuary  | Reached skill level 5 in Transmutations
  5402 | Ossuary  | Reached skill level 5 in Air Magic
  5402 | Ossuary  | Reached * piety under Wu Jian
  5584 | Ossuary  | Identified the +1 chain mail "Wykibuuvi" {Rampage}
  5968 | D:6      | Noticed Grinder
  6003 | D:6      | Killed Grinder
  6004 | D:6      | Reached XP level 9. HP: 33/45 MP: 19/19
  6008 | D:6      | Learned a level 3 spell: Tukima's Dance
  6012 | D:6      | Learned a level 3 spell: Dazzling Flash
  6228 | D:7      | Reached ** piety under Wu Jian
  7447 | D:8      | Learned a level 2 spell: Poisonous Vapours
  8437 | D:8      | Reached XP level 10. HP: 51/51 MP: 21/21
  8471 | D:8      | Noticed Grum
  8497 | D:8      | Reached skill level 5 in Fighting
  9095 | D:8      | Killed Grum
  9214 | D:8      | Reached *** piety under Wu Jian
  9444 | D:9      | Noticed Erica
  9992 | D:9      | Found Hitog's Assorted Antiques.
 10268 | D:9      | Found a glowing golden altar of the Shining One.
 10335 | D:10     | Entered Level 10 of the Dungeon
 10356 | D:10     | Noticed a white ugly thing
 10454 | D:10     | Reached XP level 11. HP: 42/56 MP: 15/23
 10953 | D:10     | Noticed a two-headed ogre
 10968 | D:9      | Killed a two-headed ogre
 11066 | D:10     | Found a staircase to the Lair.
 11204 | D:11     | Noticed booth's ghost (journeyman TrGl)
 11205 | D:11     | Found a transporter.
 11206 | D:11     | Noticed a boulder beetle
 11212 | D:11     | Noticed a purple ugly thing
 11213 | D:11     | Noticed Josephine
 11444 | D:11     | Found a transporter.
 11655 | D:11     | Noticed Maurice
 11698 | D:11     | Killed Maurice
 12223 | D:12     | Identified the +1 morningstar of Callousness {vorpal, rElec
                  | rPois rF- Will++}
 12253 | D:12     | Noticed Fannar
 12308 | D:12     | Reached skill level 5 in Dodging
 12425 | D:12     | Noticed a cyclops
 12430 | D:12     | Killed a cyclops
 12515 | D:12     | Noticed a purple ugly thing
 12515 | D:12     | Noticed a deep elf pyromancer
 12517 | D:12     | Noticed a deep elf zephyrmancer
 12518 | D:12     | Noticed a deep elf pyromancer
 12533 | D:11     | Killed a purple ugly thing
 12534 | D:11     | Reached skill level 5 in Stealth
 12536 | D:12     | Noticed a deep elf pyromancer
 12538 | D:12     | Noticed a deep elf zephyrmancer
 12540 | D:12     | Noticed a deep elf zephyrmancer
 12540 | D:12     | Noticed a deep elf zephyrmancer
 12716 | D:12     | Noticed a manticore
 12753 | D:13     | Noticed a boulder beetle
 12891 | D:12     | Noticed a manticore
 13240 | D:9      | Killed Erica
 13426 | D:9      | Reached **** piety under Wu Jian
 14468 | Lair:1   | Entered Level 1 of the Lair of Beasts
 14476 | Lair:1   | Learned a level 4 spell: Olgreb's Toxic Radiance
 14571 | Lair:1   | Learned a level 3 spell: Swiftness
 14574 | Lair:1   | Learned a level 2 spell: Passwall
 14751 | Lair:1   | Reached skill level 1 in Poison Magic
 14913 | Lair:1   | Noticed a six-headed hydra
 15082 | Lair:2   | Noticed a five-headed hydra
 15203 | Lair:1   | Killed a six-headed hydra
 15204 | Lair:1   | Reached XP level 12. HP: 6/63 MP: 4/25
 16003 | Lair:2   | Found a staircase to the Shoals.
 16198 | Lair:2   | Noticed a fire dragon
 16362 | Lair:2   | Reached skill level 10 in Air Magic
 16388 | Lair:2   | Reached skill level 10 in Transmutations
 16826 | Lair:3   | Noticed a death yak
 17723 | Lair:3   | Noticed a catoblepas
 17744 | Lair:3   | Noticed a death yak
 17744 | Lair:3   | Noticed a death yak
 17745 | Lair:3   | Noticed a death yak
 17749 | Lair:3   | Noticed a death yak
 17764 | Lair:2   | Killed a death yak
 17876 | Lair:3   | Noticed a death yak
 17890 | Lair:3   | Noticed a seven-headed hydra
 18004 | Lair:3   | Killed a death yak
 18212 | Lair:2   | Killed a death yak
 18213 | Lair:2   | Reached XP level 13. HP: 47/68 MP: 20/26
 18796 | D:10     | Reached ***** piety under Wu Jian
 19177 | D:1      | Bought an Inescapable Atlas for 340 gold pieces
 19186 | D:1      | Learned a level 7 spell: Storm Form
 19189 | D:1      | Learned a level 2 spell: Blink
 19396 | D:5      | Killed Sigmund
 19910 | Lair:3   | Found a hole to the Spider Nest.
 20245 | Lair:4   | Found a staircase to the Slime Pits.
 20260 | Lair:4   | Found a dark tunnel.
 20301 | Volcano  | Entered a volcano
 20327 | Volcano  | Reached skill level 1 in Unarmed Combat
 20417 | Volcano  | Reached skill level 5 in Poison Magic
 20942 | Lair:5   | Entered Level 5 of the Lair of Beasts
 21197 | Lair:5   | Reached XP level 14. HP: 74/74 MP: 23/27
 21568 | Lair:5   | Noticed a dire elephant
 21568 | Lair:5   | Noticed a dire elephant
 21568 | Lair:5   | Noticed a dire elephant
 21610 | Lair:5   | Learned a level 5 spell: Manifold Assault
 21627 | Lair:5   | Noticed a dire elephant
 21637 | Lair:5   | Killed a dire elephant
 22029 | Lair:5   | Killed a dire elephant
 22037 | Lair:5   | Killed a dire elephant
 22139 | Lair:5   | Killed a dire elephant
 22484 | D:1      | Bought a book of Party Tricks for 160 gold pieces
 22486 | D:1      | Learned a level 1 spell: Apportation
 22690 | D:11     | Killed Josephine
 22881 | D:12     | Killed Fannar
 23064 | D:12     | Found a staircase to the Orcish Mines.
 23121 | D:12     | You are sucked into a shaft and drop 1 floor!
 23196 | D:13     | Noticed Sonja
 23208 | D:13     | Killed Sonja
 24019 | D:14     | Reached skill level 1 in Translocations
 24024 | D:14     | Found a gate to the Vaults.
 24028 | D:14     | Reached XP level 15. HP: 79/79 MP: 29/29
 24067 | D:14     | Found a frozen archway.
 24125 | IceCv    | Entered an ice cave
 24239 | IceCv    | Reached ****** piety under Wu Jian
 24343 | IceCv    | Reached skill level 5 in Unarmed Combat
 24458 | IceCv    | Found an ancient bone altar of Kikubaaqudgha.
 24572 | IceCv    | Noticed a lich
 24612 | IceCv    | Killed a lich
 24864 | IceCv    | Identified the ring of Comuoq {rF++ rC+ Dex+3}
 24871 | IceCv    | Got Ilioprus's Quarto of the Tired Coins
 24960 | IceCv    | Slain by a seven-headed hydra simulacrum

Illustrated notes

Levels and vault maps discovered:
D:1:      dpeg_arrival_simpleton_c, layout_loops_ring,
          ebering_ecumenical_altar_webs, serial_shops, nicolae_shop_statue_plus,
          st_stairs_13
D:2:      layout_basic, chequers_big_river
D:3:      layout_basic, interstate_on_off, grunt_ministairs_3, st_stairs_13,
          chequers_mini_garden, minmay_misc_feat_x, nicolae_wormholes,
          uniq_jessica
D:4:      layout_gridville, minmay_temple_entry_glassed_door,
          gammafunk_ghost_nasty_kobolds
D:5:      layout_layer_cave, uniq_edmund, uniq_sigmund
D:6:      minmay_angry_zag, layout_cave_pools, enter_ossuary_5, uniq_grinder,
          uniq_menkaure
D:7:      layout_basic, minmay_misc_feat_five
D:8:      layout_loops_cross, david_defended_altar_orc, uniq_grum
D:9:      layout_cave_pods, tso_metal_star, serial_shops, shop, uniq_erica
D:10:     layout_cave_pods, erik_lair_island, skrybe_limestone_x,
          nicolae_sextant, grunt_decor_fettered
D:11:     layout_roguey, gammafunk_ghost_arena, uniq_maurice, uniq_josephine
D:12:     layout_stronghold, minmay_orc_entry_temple_small,
          elves_outpost_lemuel, uniq_fannar
D:13:     layout_irregular_city, uniq_sonja
D:14:     layout_gridville, david_vaults_1, minmay_misc_feat_chi,
          portal_ice_cave_entry_pillars_four
Temple:   roderic_octagonal_lattice_temple
Lair:1:   layout_hall_layers, serial_bayou_pond_c, serial_bayou_pond_e
Lair:2:   dragon1_lemuel, layout_gridlike, minmay_shoals_entry_centaurs
Lair:3:   layout_loops_ring, hellmonk_spider_entry_life_and_decay,
          grunt_megastairs_1, lemuel_fruit_tree
Lair:4:   layout_loops_ring, slime_entry_1, nicolae_volcano_entry_lava_flow
Lair:5:   due_jungle_book, layout_misc_corridors, st_stairs_12
IceCv:    ice_cave_small_necro

Skill      XL: |  1  2  3  4  5  6  7  8  9 10 11 12 13 14 15 |
---------------+----------------------------------------------+-----
Short Blades   | 1 2 3 |  3.2
Transmutations | 1 2 3 4 5 6 7 9 10 12 13 | 13.4
Air Magic      | 1 2 3 4 5 6 7 9 10 12 13 | 13.4
Spellcasting   | 3 4 6 7 8 9 |  9.8
Fighting       | 1 3 4 6 7 8 9 |  9.6
Dodging        | 3 4 5 6 7 8 |  8.2
Stealth        | 5 |  5.3
Poison Magic   | 1 4 5 |  5.0
Unarmed Combat | 2 4 5 |  5.4
Translocations | 1 3 |  3.7
Hexes          | |  3.1
Ice Magic      | |  0.6

Action                   |  1- 3 |  4- 6 |  7- 9 | 10-12 | 13-15 || total
-------------------------+-------+-------+-------+-------+-------++-------
Melee: Dagger            |    78 |    26 |   274 |   774 |   128 ||  1280
       Bite              |    21 |    35 |   141 |   296 |    67 ||   560
       Short sword       |       |   102 |   127 |       |       ||   229
       Punch             |       |     2 |     5 |    20 |    19 ||    46
       Staff             |       |       |       |     4 |     1 ||     5
       Unarmed           |       |       |       |       |   384 ||   384
 Fire: Shortbow          |       |       |       |       |     2 ||     2
 Cast: Ensorcelled Hiber |    11 |    38 |    55 |   161 |     3 ||   268
       Confusing Touch   |       |     2 |    10 |    31 |     4 ||    47
       Dazzling Flash    |       |       |     1 |     4 |       ||     5
       Poisonous Vapours |       |       |       |    46 |    26 ||    72
       Olgreb's Toxic Ra |       |       |       |     9 |    14 ||    23
       Swiftness         |       |       |       |     6 |     7 ||    13
       Tukima's Dance    |       |       |       |     3 |       ||     3
       Storm Form        |       |       |       |       |    35 ||    35
       Blink             |       |       |       |       |     8 ||     8
       Manifold Assault  |       |       |       |       |     9 ||     9
Invok: Lunge             |       |     2 |    21 |    42 |    19 ||    84
       Whirlwind         |       |       |    38 |    66 |    24 ||   128
       Serpent's Lash    |       |       |       |     5 |     3 ||     8
 Abil: Wall Jump         |       |       |       |     4 |     2 ||     6
       Blinkbolt         |       |       |       |       |    34 ||    34
       End Transformatio |       |       |       |       |     5 ||     5
Evoke: Wand              |       |       |       |       |     4 ||     4
  Use: Scroll            |       |     3 |    10 |    16 |     4 ||    33
       Potion            |       |       |     2 |     3 |     2 ||     7
 Stab: Sleeping          |    13 |    19 |    40 |    70 |     9 ||   151
       Distracted        |     1 |       |       |     2 |     2 ||     5
       Confused          |       |     2 |     3 |    13 |     2 ||    20
       Invisible         |       |       |     1 |     1 |       ||     2
Armor: Robe              |    26 |    12 |    63 |     9 |    14 ||   124
       Ring mail         |       |     4 |       |       |       ||     4
       Acid dragon scale |       |       |       |   221 |    16 ||   237
       Skin              |       |       |       |       |   107 ||   107
Dodge: Dodged            |    67 |    65 |   211 |   460 |   460 ||  1263
